 Dungeon Crawl Stone Soup version 0.28-a0-906-g0406aca7d3 (webtiles) character file.

Game seed: 10207980190668562209

464 vurker the Gusty (level 6, 28/28 HPs)
             Began as a Felid Air Elementalist on Nov 23, 2021.
             Quit the game on level 5 of the Dungeon.
             The game lasted 00:07:09 (6785 turns).

vurker the Gusty (Felid Air Elementalist)           Turns: 6785, Time: 00:07:10

Health: 28/28      AC:  2    Str:  4    XL:     6   Next: 80%
Magic:  15/15      EV: 18    Int: 19    God:
Gold:   256        SH:  0    Dex: 22    Spells: 11/16 levels left
                                        Lives:  0   Deaths: 2

rFire   . . .      SeeInvis +   (weapon unavailable)
rCold   + . .      Faith    .   (shield unavailable)
rNeg    . . .      Spirit   .   (armour unavailable)
rPois   .          Reflect  .   (helmet unavailable)
rElec   .          Harm     .   (cloak unavailable)
rCorr   .          Rampage  .   (gloves unavailable)
Will    .....                   (boots unavailable)
Stlth   +++.......              (no amulet)
HPRegen 0.09/turn               e - +6 ring of dexterity
MPRegen 0.14/turn               g - ring of protection from cold

@: quick
A: very small, claws 1, fangs 3, see invisible, speed 1, shaggy fur 2, stealthy
paws, no weapons or thrown items, no armour, multi-lived, MP-powered wands
a: no special abilities


You were on level 5 of the Dungeon.
You visited 1 branch of the dungeon, and saw 5 of its levels.

You collected 256 gold pieces.

Inventory:

Jewellery
 e - a +6 ring of dexterity (left paw)
   (You found it on level 2 of the Dungeon)
 g - a ring of protection from cold (right paw)
   (You found it on level 4 of the Dungeon)
 h - a ring of willpower
   (You took it off an orc priest on level 5 of the Dungeon)
Wands
 t - a wand of flame (15)
   (You took it off Dowan on level 4 of the Dungeon)
 v - a wand of digging (6)
   (You found it on level 5 of the Dungeon)
Scrolls
 f - a scroll of teleportation
 j - a scroll of identify
Potions
 c - 4 potions of brilliance


   Skills:
 + Level 3.8 Fighting
 - Level 2.6 Dodging
 - Level 2.6 Stealth
 * Level 5.8 Spellcasting
 - Level 3.0 Conjurations
 * Level 6.1 Air Magic


You had 11 spell levels left.
You knew the following spells:

 Your Spells              Type           Power      Damage    Failure   Level
a - Shock                 Conj/Air       88%        1d8       1%          1
c - Airstrike             Air            14%        N/A       10%         4

Your spell library contained the following spells:

 Spells                   Type           Power      Damage    Failure   Level
 Static Discharge         Conj/Air       22%        N/A       2%          2
 Swiftness                Air            28%        N/A       2%          3
 Ensorcelled Hibernation  Hex/Ice        10%        N/A       17%         2
 Tukima's Dance           Hex            5%         N/A       34%         3
 Chain Lightning          Conj/Air       11%        3d14      100%        9
 Fire Storm               Conj/Fire      5%         8d2       100%        9
 Shatter                  Erth           2%         3d6*      100%        9


Dungeon Overview and Level Annotations

Branches:
Dungeon (5/15)
 Temple: D:4-7

Altars:
Trog
Vehumet
The Shining One

Shops:
D:3 (

Annotations:
D:5 exclusion: statue


Innate Abilities, Weirdness & Mutations

You have sharp claws.
You have razor-sharp teeth.
You have supernaturally acute eyesight. (SInv)
You cover ground quickly. (Speed+)
You are covered in thick fur. (AC +2)
Your paws help you pounce on unaware monsters.
You are incapable of wielding weapons or throwing items.
You cannot wear armour.
You gain extra lives every three experience levels.
You expend magic power (3 MP) to strengthen your wands.


Message History

[Y]es or [N]o only, please.
The spell is quite dangerous to cast (10% risk of failure)!
Continue anyway?
Aim: a killer bee (moderately wounded, empty space bonus: 3/8)
You miscast Airstrike.
You are very lightly contaminated with residual magic.
You are caught in an explosion of electrical discharges!
* * * LOW HITPOINT WARNING * * *
You feel sick. The killer bee barely misses you.
The killer bee closely misses you.
Okay, then.
Okay, then.
Aim: a killer bee (moderately wounded, 39% to hit)
The puff of flame misses the killer bee.
You feel sick.
You are no longer poisoned.
The killer bee closely misses you. The killer bee misses you.
Aim: a killer bee (moderately wounded, 39% to hit)
The puff of flame hits the killer bee.
The killer bee barely misses you. The killer bee misses you.
Okay, then.
You feel better. The killer bee closely misses you. x2
The killer bee barely misses you. The killer bee barely misses you.
Aim: a killer bee (heavily wounded, 48% to hit)
The zap hits the killer bee but does no damage.
The zap hits the killer bee.
The killer bee stings you.
* * * LOW HITPOINT WARNING * * *
You are lethally poisoned!
The killer bee poisons you! The killer bee closely misses you.
Aim: a killer bee (severely wounded, 48% to hit)
The zap misses the killer bee. x2
* * * LOW HITPOINT WARNING * * *
You feel sick. The killer bee barely misses you.
The killer bee closely misses you.
It was a potion of cancellation.
You feel magically purged.
Your magical contamination has completely faded away.
* * * LOW HITPOINT WARNING * * *
You feel sick. The killer bee completely misses you. The killer bee misses you.
It was a potion of mutation.
You feel extremely strange.
You feel your magical essence link to the dungeon's wands.
* * * LOW HITPOINT WARNING * * *
You feel sick. The killer bee completely misses you.
The killer bee closely misses you.
It was a potion of haste.
You feel yourself speed up.
* * * LOW HITPOINT WARNING * * *
You feel sick. The killer bee stings you!
You die...
The killer bee stings you but does no damage.
You are now level 6!
You rejoin the land of the living...

.............#
.............######
...............>..#
.........†......#.########
..........[..##...........
########..#######.>######
###...#######.######
#..........##..)..?####
#..#......@.#######....##
#.##........# ####..# #.
#........# # ##.## .
#........#####.. #..## #
#..................##..#
#...........##..)..###..
#...........##.....#....
#...........##.....#.##.
###.#####...##.....#.###


There were no monsters in sight!

Vanquished Creatures
  Sigmund (D:4)
  Menkaure (D:5)
  Duvessa (D:4)
  A black bear (D:4)
  An ogre (D:5)
  A centaur (D:4)
  A scorpion (D:5)
  Dowan (D:4)
  A water moccasin skeleton (D:5)
  2 orc priests
  A centaur skeleton (D:5)
  A hound (D:4)
  2 jellies
  2 iguanas (D:5)
  Natasha (thrice) (D:2)
  Robin (D:2)
  2 gnolls (D:5)
  3 adders
  3 worms
  A dart slug (D:4)
  8 orcs
  9 ball pythons
  7 endoplasms
  4 giant cockroaches
  11 goblins
  9 hobgoblins
  2 kobolds
  4 quokkas
  3 bats (D:1)
  3 frilled lizards
  A jackal skeleton (D:4)
  2 rats
93 creatures vanquished.

Notes
Turn   | Place    | Note
-------+----------+-------------------------------------------
     0 | D:1      | vurker the Felid Air Elementalist began the quest for the
                  | Orb.
     0 | D:1      | Reached XP level 1. HP: 7/7 MP: 4/4
     1 | D:1      | Noticed an electric eel
   153 | D:1      | Reached skill level 1 in Conjurations
   390 | D:1      | Reached XP level 2. HP: 12/12 MP: 4/6
   485 | D:1      | Found a faded altar of an unknown god.
   696 | D:1      | Reached skill level 3 in Air Magic
  1109 | D:2      | Reached XP level 3. HP: 11/15 MP: 0/7
  1572 | D:2      | Reached skill level 1 in Fighting
  1592 | D:2      | Found a bloodstained altar of Trog.
  1781 | D:2      | Noticed Natasha
  1799 | D:2      | Killed Natasha
  1800 | D:2      | Reached XP level 4. HP: 19/19 MP: 2/9
  2067 | D:2      | Noticed Robin
  2095 | D:2      | Killed Robin
  2345 | D:2      | Noticed Natasha
  2350 | D:2      | Killed Natasha
  2372 | D:2      | Noticed Natasha
  2476 | D:2      | Killed Natasha
  2477 | D:2      | Reached XP level 5. HP: 22/22 MP: 6/10
  2621 | D:2      | Learned a level 4 spell: Airstrike
  2717 | D:3      | Found Dixe's Weapon Boutique.
  2938 | D:3      | Found a glowing golden altar of the Shining One.
  3671 | D:4      | Noticed a centaur
  3887 | D:4      | Killed a centaur
  3888 | D:4      | Reached skill level 4 in Air Magic
  4208 | D:4      | Gained mutation: You are covered in thick fur. (AC +2)
                  | [Felid growth]
  4208 | D:4      | Reached XP level 6. HP: 4/26 MP: 2/12
  5023 | D:4      | Noticed Duvessa
  5023 | D:4      | Noticed Dowan
  5206 | D:4      | Noticed Sigmund
  5235 | D:4      | Killed Sigmund
  5236 | D:4      | Reached XP level 7. HP: 2/30 MP: 6/14
  5716 | D:4      | Killed Duvessa
  5717 | D:4      | Reached skill level 5 in Air Magic
  5738 | D:4      | Killed from afar by Dowan
  5739 | D:4      | Reached XP level 6. HP: -1/27 MP: 10/14
  5776 | D:4      | Killed Dowan
  6016 | D:5      | Entered Level 5 of the Dungeon
  6109 | D:5      | Reached skill level 5 in Spellcasting
  6109 | D:5      | Reached XP level 7. HP: 16/31 MP: 6/15
  6300 | D:5      | Noticed Menkaure
  6424 | D:5      | Killed Menkaure
  6596 | D:5      | Reached skill level 6 in Air Magic
  6667 | D:5      | Found a radiant altar of Vehumet.
  6783 | D:5      | Gained mutation: You expend magic power (3 MP) to
                  | strengthen your wands. [potion of mutation]
  6784 | D:5      | Slain by a killer bee
  6785 | D:5      | Reached XP level 6. HP: -4/28 MP: 2/15
  6785 | D:5      | Quit the game

Illustrated notes

Levels and vault maps discovered:
D:1:      arrival_aquarium_a, layout_loops_cross, ebering_ecumenical_altar_rust,
          roderic_lattice_a
D:2:      layout_basic, basic_altar, feat_on_display, uniq_natasha, uniq_robin
D:3:      layout_loops_cross, nicolae_tso_swordbearing_angel, serial_shops,
          nicolae_shop_trees
D:4:      layout_loops_corners, uniq_sigmund, uniq_duvessa
D:5:      layout_rooms, vehumet_statue, uniq_menkaure

Skill      XL: |  1  2  3  4  5  6  7 |
---------------+----------------------+-----
Conjurations   | 1 2 3 |  3.0
Air Magic      | 3 4 6 |  6.1
Fighting       | 1 2 3 |  3.8
Spellcasting   | 3 5 |  5.8
Dodging        | |  2.6
Stealth        | |  2.6

Action                   |  1- 3 |  4- 6 |  7- 9 || total
-------------------------+-------+-------+-------++-------
Melee: Unarmed           |     2 |     3 |    10 ||    15
       Bite              |       |       |     5 ||     5
 Cast: Shock             |    73 |   147 |    78 ||   298
Evoke: Wand              |       |       |     5 ||     5
  Use: Scroll            |       |     7 |       ||     7
       Potion            |       |     1 |     4 ||     5
 Stab: Paralysed         |       |       |    10 ||    10
Armor: Skin              |     1 |     3 |     3 ||     7
Dodge: Dodged            |    10 |    25 |    39 ||    74

Table legend: (Time is in decaauts)
 A = Elapsed time spent in this place.
 B = Non-inter-level travel time spent in this place.
 C = Inter-level travel time spent in this place.
 D = Time resting spent in this place.
 E = Time spent auto-exploring this place.
 F = Levels seen in this place.
 G = Mean time per level.
                   A        B        C        D        E       F      G
               +--------+--------+--------+--------+--------+-----+--------+
         Total |   6166 |   5994 |    172 |    166 |   5124 |   5 | 1233.2 |
       Dungeon |   6166 |   5994 |    172 |    166 |   5124 |   5 | 1233.2 |
               +--------+--------+--------+--------+--------+-----+--------+

Top non-repeatable levels by time:
     D:4: 2136 daAuts
     D:2: 1347 daAuts
     D:1: 1021 daAuts
     D:3: 929 daAuts
     D:5: 731 daAuts
